 Dungeon Crawl Stone Soup version 0.27.1-1-g398f81649c (webtiles) character file.

Game seed: 8281151548191394791

109 ABBCCCDDDD the Insei (level 4, -7/33 HPs)
             Began as an Octopode Monk on Sept 19, 2021.
             Killed from afar by Natasha (8 damage)
             ... with a magic dart
             ... on level 2 of the Dungeon.
             The game lasted 00:02:20 (2183 turns).

ABBCCCDDDD the Insei (Octopode Monk)                Turns: 2183, Time: 00:02:21

Health: -7/33      AC:  1    Str: 10    XL:     4   Next: 89%
Magic:  4/4        EV: 11    Int: 13    God:
Gold:   48         SH:  7    Dex: 14    Spells: 3/3 levels left

rFire    + . .     SeeInvis .     - Unarmed
rCold    + . .     Faith    .   c - +0 kite shield
rNeg     . . .     Spirit   .   (helmet restricted)
rPois    +         Reflect  .   (no amulet)
rElec    +         Harm     .   (no ring)
rCorr    +         Rampage  .   (no ring)
Will     .....                  (no ring)
Stlth    +++.......             (no ring)
HPRegen  0.11/turn              (no ring)
MPRegen  0.09/turn              (no ring)
                                (no ring)
                                (no ring)

@: resistant
A: almost no armour, amphibious, 8 rings, camouflage 1, gelatinous body 1,
(nimble swimmer 1), tentacles
a: no special abilities


You were on level 2 of the Dungeon.
You visited 1 branch of the dungeon, and saw 3 of its levels.

You collected 48 gold pieces.

Inventory:

Missiles
 e - 16 poisoned darts (quivered)
Armour
 c - a +0 kite shield (worn)
Jewellery
 a - a ring of fire
Potions
 b - a potion of resistance


   Skills:
 + Level 4.2 Fighting
 - Level 3.0 Dodging
 - Level 2.6 Stealth
 + Level 1.1 Shields
 + Level 4.2 Unarmed Combat


You had 3 spell levels left.
You didn't know any spells.
Your spell library contained the following spells:

 Spells                   Type           Power      Damage    Failure   Level
 Malign Gateway           Summ/Tloc      0%         N/A       100%        7
 Summon Horrible Things   Summ           0%         N/A       100%        8


Dungeon Overview and Level Annotations

Branches:
Dungeon (3/15)

Altars:

Annotations:
D:2 Natasha


Innate Abilities, Weirdness & Mutations

You cannot wear most types of armour.
You are amphibious.
You can wear up to eight rings at the same time.
Your skin changes colour to match your surroundings (Stealth+).
Your rubbery body absorbs attacks. (AC +1, EV +1)
((You are camouflaged near water. (Stealth+)))
You have tentacles for arms and can constrict up to eight enemies at once.


Message History

There is a stone staircase leading down here.
You aren't carrying any items that you can evoke.
Unknown command.
As you read the scroll labelled XOICIHUMEY, it crumbles to dust.
The creatures around you are filled with an inner flame!
It was a scroll of immolation.
Natasha mumbles some strange words.
Natasha's front paws start to glow.
Natasha claws you.
* * * LOW HITPOINT WARNING * * *
It was a potion of resistance.
You feel protected. You block Natasha's attack. x2
It was a potion of ambrosia.
You are confused.
You feel invigorated. Natasha claws you.
* * * LOW HITPOINT WARNING * * *
Natasha barely misses you. Natasha claws you.
* * * LOW HITPOINT WARNING * * *
Natasha claws you.
* * * LOW HITPOINT WARNING * * *
You feel less invigorated.
You feel less confused.
Natasha is no longer moving quickly.
Natasha mumbles some strange words.
Natasha shimmers violently.
Natasha casts a spell.
Natasha misses you. The shadow imp spits at you.
Natasha stares at you and mumbles some strange words.
The magic dart hits you.
* * * LOW HITPOINT WARNING * * *
Natasha casts a spell at you. The magic dart hits you.
* * * LOW HITPOINT WARNING * * *
You aren't carrying any items that you can evoke.
Unknown command.
Natasha casts a spell at you. The magic dart hits you!
You die...

### #.### ### #.#.# ######.# #.#.#
#....... ########...#############
#.####.# .......................#
#.####.# ########.#..........##.#
#....... .......#.#..#######.##.#
#.####.# ............5h..@.#.##.#
#.# #.# .......#.#..#####.#.##.#
#.# #.# .......#.#..#####.#.##.#
#.# #.#
.......#.#.............###.####.#
.......'..>5....................#
.......#....##.##.#..............
................................#
#######...........##....#...รท....
#..#.......................


You could see Natasha (inner flame) and a shadow imp (summoned).

Levels and vault maps discovered:
D:1:      minmay_arrival_four_houses, layout_rooms
D:2:      layout_basic
D:3:      layout_basic, chequers_ecumenical_altar_simple, eino_tiny_chamber,
          wad_floor_pattern_untrapped, grunt_decor_resistance, uniq_natasha

Notes
Turn   | Place    | Note
-------+----------+-------------------------------------------
     0 | D:1      | ABBCCCDDDD the Octopode Monk began the quest for the Orb.
     0 | D:1      | Reached XP level 1. HP: 16/16 MP: 1/1
   163 | D:1      | Reached XP level 2. HP: 17/21 MP: 2/2
   592 | D:1      | Reached XP level 3. HP: 26/26 MP: 3/3
  1157 | D:2      | Reached XP level 4. HP: 23/33 MP: 4/4
  1912 | D:3      | Reached skill level 1 in Shields
  2144 | D:3      | Noticed Natasha
  2179 | D:2      | HP: 1/33 [Natasha/magic dart (6)]
  2183 | D:2      | Killed from afar by Natasha

Table legend: (Time is in decaauts)
 A = Elapsed time spent in this place.
 B = Non-inter-level travel time spent in this place.
 C = Inter-level travel time spent in this place.
 D = Time resting spent in this place.
 E = Time spent auto-exploring this place.
 F = Levels seen in this place.
 G = Mean time per level.
                   A        B        C        D        E       F      G
               +--------+--------+--------+--------+--------+-----+--------+
         Total |   2189 |   2159 |     30 |    263 |   1514 |   3 |  729.7 |
       Dungeon |   2189 |   2159 |     30 |    263 |   1514 |   3 |  729.7 |
               +--------+--------+--------+--------+--------+-----+--------+

Top non-repeatable levels by time:
     D:2: 1163 daAuts
     D:1: 743 daAuts
     D:3: 282 daAuts

Table legend:
 A = Kills in this place as a percentage of kills in entire the game.
 B = Kills by you in this place as a percentage of kills by you in the entire game.
 C = Kills by friends in this place as a percentage of kills by friends in the entire game.
 D = Other kills in this place as a percentage of other kills in the entire game.
 E = Experience gained in this place as a percentage of experience gained in the entire game.
 F = Experience gained in this place divided by the number of levels of this place that you have seen.
                   A       B       C       D       E      F
               +-------+-------+-------+-------+-------+----------------------
         Total | 100.0 | 100.0 |   N/A |   N/A | 100.0 |  52.0
       Dungeon | 100.0 | 100.0 |   N/A |   N/A | 100.0 |  52.0
               +-------+-------+-------+-------+-------+----------------------

Action                   |  1- 3 |  4- 6 || total
-------------------------+-------+-------++-------
Melee: Unarmed           |    79 |    29 ||   108
       Constrict         |    21 |    10 ||    31
       Tentacles         |    12 |     4 ||    16
       Punch             |       |     1 ||     1
Throw: Dart              |       |     7 ||     7
  Use: Potion            |       |     2 ||     2
       Scroll            |       |     1 ||     1
 Stab: Sleeping          |     8 |     6 ||    14
Armor: Skin              |     5 |     1 ||     6
Dodge: Dodged            |    53 |    13 ||    66
Block: Kite shield       |     2 |     9 ||    11

Vanquished Creatures
  5 adders
  2 worms (D:2)
  2 dart slugs
  4 orcs (D:3)
  2 endoplasms
  2 giant cockroaches
  5 goblins
  9 hobgoblins
  A quokka (D:1)
  6 ball pythons
  3 bats
  2 frilled lizards
  2 kobolds (D:1)
  3 rats
48 creatures vanquished.
